Map: Troizinia LE

Players

Breakfast - Winner!

  • Race: Terran Terran
  • Spawn Location: 11:00

Cthulhu - Winner!

  • Race: Zerg Zerg
  • Spawn Location: 9:00

Throwfordays - Winner!

  • Race: Protoss Protoss
  • League: Bronze
  • Spawn Location: 12:00

Faust - Winner!

  • Race: Zerg Zerg
  • League: Platinum
  • Spawn Location: 11:00

Buzzkill

  • Race: Zerg Zerg
  • League: Gold
  • Spawn Location: 3:00

Hancok

  • Race: Protoss Protoss
  • Spawn Location: 5:00

Lucas

  • Race: Protoss Protoss
  • Spawn Location: 6:00

juan

  • Race: Protoss Protoss
  • Spawn Location: 5:00

VOD

Have the link to the VOD?

Description

Time

  • Played on: Jan. 28, 2019, 1:20 p.m.
  • Length: 10:29
Show
View Real Time Build Order
Export as new Build Order

Breakfast Terran - Winner!

Build Orders: Command Center First (CC) 

Get SALT Encoding   

  12  0:06  SCV  
  13  0:18  SCV  
  14  0:30  Supply Depot, SCV  
  15  0:51  SCV  
  15  0:54  Supply Depot  
  16  1:03  SCV  
  17  1:16  SCV  
  18  1:24  Supply Depot  
  18  1:25  Command Center  
  18  1:28  SCV  
  19  1:38  Refinery  
  19  1:40  SCV  
  20  1:59  Barracks  
  20  2:07  SCV  
  21  2:43  Refinery, SCV  
  22  2:54  Barracks  
  22  2:55  Marine, SCV  
  22  2:57  SCV  
  25  3:07  SCV  
  25  3:09  SCV  
  27  3:13  Marine  
  27  3:19  SCV  
  29  3:21  SCV  
  30  3:31  Marine  
  30  3:33  SCV  
  32  3:45  SCV  
  32  3:46  Marine, Bunker  
  34  3:49  Marine  
  35  3:59  Factory  
  35  4:04  Marine  
  35  4:07  Marine  
  37  4:22  Marine  
  38  4:25  Marine  
  37  5:31  Marine  
  37  5:32  Marine  
  37  5:34  SCV  
  40  5:40  Factory Tech Lab  
  40  5:46  SCV, Starport  
  40  5:49  Marine x2  
  43  5:58  Refinery, SCV  
  43  6:00  SCV  
  45  6:07  Marine x2  
  45  6:10  SCV  
  48  6:12  SCV  
  49  6:20  Armory  
  49  6:22  SCV  
  49  6:24  Refinery, Marine, SCV  
  49  6:25  Marine  
  53  6:34  SCV  
  54  7:01  Supply Depot  
  54  7:09  Armory  
  54  7:12  Orbital Command  
  54  7:15  Orbital Command  
  54  7:17  Starport Tech Lab  
  54  7:22  Marine x2  
  54  7:23  Supply Depot  
  54  7:26  Thor  
  62  7:39  Fusion Core  
  62  7:44  Marine x2  
  62  7:45  Terran Vehicle Weapons Level 1  
  62  7:46  Supply Depot  
  64  8:02  Marine x2  
  66  8:09  Thor, Supply Depot  
  72  8:20  Marine x2  
  74  8:31  Supply Depot  
  74  8:38  Marine x2  
  74  8:39  Battlecruiser  
  82  8:52  Thor  
  82  8:54  Supply Depot  
  88  8:56  Marine x2  
  84  9:13  Marine x2  
  86  9:30  Supply Depot  
  80  9:40  Thor  
  80  9:43  Marine  
  93  9:55  Supply Depot  
Show
View Real Time Build Order
Export as new Build Order

Cthulhu Zerg - Winner!

Build Orders: Hatch First 

Get SALT Encoding   

  12  0:03  Drone  
  13  0:11  Drone  
  14  0:36  Hatchery  
  14  0:40  Drone  
  14  0:46  Overlord  
  14  0:50  Extractor  
  14  0:52  Drone  
  14  1:05  Drone x2  
  16  1:30  Drone x2  
  18  1:37  Drone  
  19  1:40  Extractor  
  18  1:51  Drone x2  
  20  1:58  Spawning Pool  
  19  2:20  Drone x5  
  24  2:28  Drone  
  25  2:32  Extractor  
  25  2:35  Extractor  
  25  2:36  Drone x2  
  25  2:45  Lair  
  25  2:48  Drone x2  
  27  2:55  Overlord  
  27  2:57  Drone  
  28  3:19  Drone x4  
  32  3:39  Drone x4  
  36  3:44  Spire  
  35  3:50  Overlord  
  35  3:59  Drone  
  36  4:03  Overlord x2  
  36  4:07  Queen x2  
  7  5:00  Mutalisk x3  
  13  5:34  Drone x3  
  16  5:41  Hatchery  
  15  5:58  Corruptor x2  
  19  6:38  Drone x6  
  25  7:04  Drone x4  
  29  7:10  Drone  
  30  7:45  Mutalisk x4  
  30  7:46  Mutalisk x4  
  40  9:13  Spine Crawler x2  
  40  9:14  Spine Crawler x2  
  40  9:16  Spine Crawler  
  35  9:18  Spine Crawler  
  35  9:21  Spine Crawler x2  
  35  9:23  Spine Crawler  
  21  9:42  Drone x5  
  24  10:00  Drone x3  
  26  10:15  Hatchery  
Show
View Real Time Build Order
Export as new Build Order

Throwfordays Protoss - Winner!

Build Orders:  

Get SALT Encoding   

  12  0:00  Probe  
  13  0:13  Probe  
  14  0:18  Pylon  
  14  0:25  Probe  
  15  0:37  Gateway  
  16  0:42  Probe  
  16  0:48  Assimilator  
  16  0:54  Probe  
  17  1:07  Probe  
  18  1:19  Probe  
  18  1:23  Cybernetics Core  
  19  1:31  Probe  
  20  1:33  Pylon  
  20  1:37  Warp Gate  
  20  1:43  Probe  
  21  1:52  Nexus  
  21  1:57  Pylon  
  21  2:04  Assimilator  
  21  2:16  Pylon  
  21  2:28  Probe  
  22  2:33  Gateway  
  22  2:40  Probe  
  22  2:42  Gateway  
  23  2:52  Gateway, Probe  
  24  3:05  Probe  
  25  3:16  Probe  
  25  3:17  Probe  
  27  3:28  Probe  
  27  3:29  Probe  
  29  3:41  Probe x2  
  31  3:49  Adept x4  
  31  3:53  Probe x2  
  41  4:05  Probe  
  41  4:07  Nexus  
  42  4:16  Adept  
  42  4:17  Adept  
  46  4:19  Adept  
  46  4:23  Adept  
  50  5:18  Pylon, Probe  
  51  5:22  Probe  
  51  5:26  Assimilator, Probe  
  53  5:31  Probe  
  53  5:32  Assimilator, Stalker x2  
  53  5:33  Stalker  
  53  5:34  Probe  
  53  5:35  Stalker  
  63  5:38  Probe  
  64  5:43  Probe  
  64  5:46  Probe  
  66  5:50  Probe  
  66  5:55  Probe  
  68  5:58  Probe  
  68  6:02  Probe  
  68  6:03  Stargate  
  68  6:04  Stargate  
  70  6:06  Stargate  
  70  6:07  Probe  
  70  6:10  Probe  
  72  6:14  Probe  
  73  6:19  Assimilator, Probe  
  73  6:23  Assimilator  
  74  6:40  Probe  
  74  6:42  Protoss Air Weapons Level 1  
  74  6:44  Probe  
  76  6:47  Probe  
  76  6:52  Void Ray, Probe  
  82  6:56  Probe  
  82  6:59  Probe  
  82  7:00  Pylon  
  84  7:02  Pylon  
  84  7:04  Probe  
  84  7:06  Pylon  
  85  7:11  Pylon  
  85  7:14  Pylon  
  85  7:17  Void Ray  
  85  7:18  Probe  
  85  7:20  Void Ray  
  94  7:31  Void Ray  
  98  7:49  Void Ray  
  96  7:51  Void Ray  
  96  8:01  Void Ray  
  108  8:23  Void Ray  
  108  8:26  Void Ray  
  112  8:36  Fleet Beacon  
  112  8:40  Forge  
  112  8:41  Void Ray  
  120  9:06  Void Ray  
  124  9:15  Pylon  
  124  9:18  Pylon  
  124  9:21  Pylon  
  124  9:33  Void Ray x2  
Show
View Real Time Build Order
Export as new Build Order

Faust Zerg - Winner!

Build Orders: Hatch First, Zergling Baneling 

Get SALT Encoding   

  12  0:01  Drone  
  13  0:10  Drone  
  14  0:15  Extractor  
  14  0:16  Drone  
  15  0:23  Overlord  
  15  0:42  Drone x2  
  17  0:57  Hatchery  
  17  0:58  Drone  
  17  1:13  Spawning Pool  
  17  1:15  Drone  
  17  1:17  Extractor  
  16  1:20  Drone  
  17  1:46  Overlord  
  17  2:00  Queen  
  20  2:01  Zergling x6  
  22  2:09  Queen  
  22  2:10  Drone  
  22  2:14  Overlord  
  25  2:24  Drone x2  
  25  2:29  Metabolic Boost  
  27  2:34  Drone  
  27  2:36  Drone  
  29  2:45  Baneling Nest  
  29  2:49  Overlord  
  28  2:53  Drone x2  
  30  3:12  Drone  
  31  3:13  Drone x5  
  35  3:26  Zergling x2, Drone x2  
  35  3:27  Zergling x4  
  40  3:33  Overlord  
  40  3:54  Baneling x2  
  40  3:57  Drone x4  
  40  4:00  Extractor x2  
  40  4:01  Lair  
  42  4:03  Extractor  
  42  4:04  Drone x5  
  45  4:19  Zergling x2  
  45  4:20  Zergling x6  
  49  4:32  Drone x4  
  49  4:33  Drone x2  
  49  4:37  Roach Warren  
  52  4:39  Baneling x2  
  52  4:40  Baneling x5  
  52  4:41  Baneling  
  52  5:14  Baneling  
  52  5:15  Baneling x3  
  52  5:26  Drone, Infestation Pit  
  52  5:27  Drone  
  53  5:30  Hydralisk Den  
  52  5:35  Drone  
  52  5:36  Drone x2, Evolution Chamber  
  52  5:37  Evolution Chamber  
  52  5:38  Hatchery  
  47  6:17  Zergling x2  
  47  6:18  Zergling x24  
  60  6:20  Hive  
  60  6:23  Zerg Melee Weapons Level 1, Zerg Ground Armor Level 1  
  60  6:24  Overlord x3  
  60  6:43  Overseer  
  51  7:35  Drone  
  51  7:36  Queen, Drone x11  
  63  7:43  Ultralisk Cavern  
  60  7:45  Drone  
  60  7:46  Drone x6  
  60  7:49  Overlord x2  
  66  7:52  Adrenal Glands  
  66  8:13  Extractor, Drone x3  
  66  8:14  Extractor, Drone x2  
  66  8:15  Drone  
  70  8:42  Ultralisk x2  
  70  8:43  Ultralisk x3  
  70  8:45  Zergling x2  
  101  8:53  Glial Reconstitution  
  101  8:55  Muscular Augments  
  101  8:59  Chitinous Plating  
  101  9:05  Overlord x2  
  101  9:06  Overlord x4  
  101  9:13  Hatchery  
  100  9:29  Hydralisk  
  100  9:30  Hydralisk x9  
Show
View Real Time Build Order
Export as new Build Order

Buzzkill Zerg 

Build Orders: Pool First 

Get SALT Encoding   

  12  0:08  Extractor  
  11  0:26  Spawning Pool  
  11  0:27  Drone  
  11  0:33  Drone  
  12  0:38  Drone  
  13  0:44  Drone  
  13  0:49  Extractor  
  13  0:54  Drone  
  14  1:16  Lair  
  14  1:30  Spine Crawler  
  14  1:32  Drone  
  14  1:58  Overlord  
  14  2:05  Spine Crawler  
  13  2:09  Zergling x2  
  13  2:13  Overlord  
  14  2:41  Drone x3  
  17  2:55  Infestation Pit  
  16  2:59  Drone  
  16  3:05  Drone  
  18  3:24  Drone  
  18  3:26  Queen  
  20  3:57  Spine Crawler  
  19  4:07  Spine Crawler  
  18  4:10  Drone x3  
  18  4:16  Pathogen Glands  
  21  4:49  Drone x2  
  21  4:51  Drone  
  24  4:58  Drone  
  25  5:00  Overlord  
  25  5:01  Drone  
  26  5:33  Infestor x4  
  34  5:36  Neural Parasite  
  34  5:38  Queen  
  34  5:42  Overlord  
  36  5:50  Zergling x4  
  36  5:52  Overlord  
  36  5:53  Metabolic Boost  
  38  6:15  Infestor  
  38  6:18  Burrow  
  40  6:19  Zergling x4  
  40  6:20  Zergling x6  
  45  6:32  Zergling x2  
  46  6:43  Hatchery  
Show
View Real Time Build Order
Export as new Build Order

Hancok Protoss 

Build Orders:  

Get SALT Encoding   

  12  0:21  Probe  
  13  0:33  Probe  
  14  0:45  Probe  
  15  0:54  Pylon  
  15  1:12  Probe  
  15  1:15  Gateway  
  15  1:18  Gateway  
  16  1:20  Gateway  
  16  1:24  Probe  
  17  1:33  Pylon  
  17  1:58  Zealot  
  17  2:00  Zealot  
  17  2:01  Zealot  
  23  2:20  Zealot  
  23  2:22  Zealot  
  23  2:24  Forge, Zealot  
  29  2:43  Pylon  
  29  2:47  Zealot  
  29  2:48  Pylon  
  31  3:01  Zealot x2  
  35  3:14  Photon Cannon, Zealot  
  37  3:26  Zealot  
  37  3:28  Zealot  
  41  3:42  Zealot  
  41  3:45  Zealot  
  45  3:55  Zealot  
  47  4:14  Pylon  
  47  4:32  Zealot x3  
  36  4:59  Zealot  
  24  5:43  Probe  
  19  5:51  Probe  
  14  5:59  Probe  
  15  6:10  Photon Cannon, Probe  
  15  6:14  Photon Cannon  
  16  6:22  Probe  
  17  6:36  Zealot x3  
  23  6:46  Assimilator  
  23  6:48  Assimilator  
  23  7:03  Zealot x3  
  29  7:26  Pylon  
  29  7:27  Pylon  
  29  7:29  Pylon  
  29  7:30  Pylon, Zealot x3  
  35  7:57  Zealot x3  
  41  8:14  Photon Cannon  
  41  8:15  Photon Cannon  
  41  8:16  Photon Cannon  
  41  8:18  Photon Cannon x2  
  41  8:20  Pylon  
  41  8:21  Pylon  
  41  8:24  Zealot x3  
  41  8:25  Pylon  
  47  8:51  Zealot x3  
  53  9:18  Zealot x2  
  53  9:19  Zealot  
  57  9:45  Zealot x2  
  57  9:46  Zealot  
Show
View Real Time Build Order
Export as new Build Order

Lucas Protoss 

Build Orders: Carrier Rush 

Get SALT Encoding   

  12  0:42  Probe  
  13  0:50  Probe  
  14  1:00  Probe  
  14  1:02  Pylon  
  15  1:36  Forge  
  15  1:39  Gateway  
  15  1:41  Probe  
  16  1:50  Nexus  
  16  1:54  Probe  
  17  2:01  Pylon  
  17  2:03  Assimilator  
  17  2:07  Assimilator  
  17  2:20  Photon Cannon x2  
  17  2:27  Cybernetics Core  
  17  2:29  Probe  
  18  2:37  Probe  
  19  2:47  Probe  
  20  3:00  Pylon  
  20  3:08  Stargate  
  20  3:55  Fleet Beacon  
  20  3:59  Probe x2  
  22  4:05  Pylon  
  22  4:06  Pylon  
  22  4:08  Pylon  
  22  4:11  Probe x2  
  24  4:21  Stargate  
  24  4:30  Carrier  
  30  4:56  Probe x2  
  32  5:08  Probe x2  
  34  5:20  Probe  
  34  5:21  Probe  
  36  5:23  Assimilator  
  36  5:28  Assimilator  
  36  5:33  Probe x2  
  38  5:43  Carrier  
  38  5:45  Probe x2  
  46  6:02  Phoenix  
  43  6:27  Stargate  
  43  6:44  Phoenix  
  45  7:05  Phoenix  
  47  7:29  Void Ray x3  
  59  8:12  Void Ray x3  
Show
View Real Time Build Order
Export as new Build Order

juan Protoss 

Build Orders:  

Get SALT Encoding   

  12  0:21  Pylon  
  12  0:37  Pylon  
  12  0:40  Probe  
  12  0:48  Probe  
  14  0:57  Probe  
  15  1:09  Probe  
  16  1:21  Probe  
  17  1:26  Pylon  
  17  1:34  Probe  
  17  1:37  Pylon  
  18  1:42  Probe  
  19  1:48  Pylon  
  19  1:52  Probe  
  19  1:54  Assimilator, Pylon  
  19  1:59  Assimilator  
  20  2:01  Probe  
  20  2:03  Pylon  
  21  2:09  Probe  
  21  2:10  Gateway  
  22  2:17  Forge  
  22  2:18  Probe  
  23  2:30  Probe  
  24  2:42  Probe  
  25  2:44  Pylon  
  25  2:51  Pylon  
  25  2:54  Probe  
  26  3:05  Cybernetics Core  
  26  3:06  Probe  
  26  3:11  Cybernetics Core  
  18  3:18  Probe  
  16  3:30  Zealot  
    4:56  Probe  
  1  5:22  Probe  
  2  5:30  Probe  
  3  5:39  Probe  
  4  5:51  Probe  
  5  6:02  Probe  
  6  6:10  Probe  
  7  6:18  Probe  
  8  6:30  Probe  
  9  6:42  Probe  
Tags
 
Add a new tag
Caveats
  • Supply blocks, unpowered buildings, or Contaminate may cause inaccurate times.
  • Supply counts are checked every 10 seconds.